 Dungeon Crawl Stone Soup version 0.30-a0-852-g08b95dd62f (webtiles) character file.

Game seed: 12668936714688924918

64 FexLirch the Insei (level 4, -1/28 HPs)
             Began as an Octopode Transmuter on Mar 5, 2023.
             Slain by an orc wizard
             ... wielding a +0 dagger
              (2 damage)
             ... on level 4 of the Dungeon.
             The game lasted 00:04:03 (2360 turns).

FexLirch the Insei (Octopode Transmuter)            Turns: 2360, Time: 00:04:04

Health: -1/28      AC:  1    Str:  9    XL:     4   Next: 12%
Magic:  5/7        EV: 13    Int: 17    God:
Gold:   142        SH:  0    Dex: 12    Spells: 4/7 levels left

rFire   . . .      SeeInvis .      - Unarmed
rCold   . . .      Faith    .    (no shield)
rNeg    . . .      Spirit   .    (helmet restricted)
rPois   .          Reflect  .    (no amulet)
rElec   .          Rampage  .    (no ring)
rCorr   .                        (no ring)
Will    .....                    (no ring)
Stlth   ++                       (no ring)
HPRegen 0.24/turn                (no ring)
MPRegen 0.10/turn                (no ring)
                                 (no ring)
                                 (no ring)

@: wereblooded
A: almost no armour, amphibious, 8 rings, camouflage 1, gelatinous body 1,
(nimble swimmer 1), tentacles
a: no special abilities


You were on level 4 of the Dungeon.
You visited 1 branch of the dungeon, and saw 4 of its levels.

You collected 142 gold pieces.

Inventory:

Hand Weapons
 b - a +0 sling
Missiles
 c - 22 stones
 h - 2 boomerangs
Jewellery
 j - a ring of poison resistance
Wands
 k - a wand of paralysis (11)
Scrolls
 d - 2 scrolls of identify
 e - 2 scrolls of teleportation
 g - a scroll of brand weapon {unknown}
 i - a scroll of immolation {unknown}
 m - a scroll of butterflies {unknown}
 n - 3 scrolls of magic mapping {unknown}
Potions
 a - 3 potions of lignification
 f - 3 potions of heal wounds {unknown}
 l - a potion of curing {unknown}


   Skills:
 - Level 1.0 Fighting
 - Level 2.0 Dodging
 * Level 3.8 Unarmed Combat
 - Level 2.0 Spellcasting
 * Level 3.0 Transmutations
 + Level 1.6 Poison Magic


You had 4 spell levels left.
You knew the following spells:

 Your Spells              Type           Power      Damage    Failure   Level
a - Beastly Appendage     Tmut           24%        N/A       5%          1
b - Wereblood             Tmut           12%        N/A       9%          2

Your spell library contained the following spells:

 Spells                   Type           Power      Damage    Failure   Level
 Apportation              Tloc           2%         N/A       19%         1
 Summon Small Mammal      Summ           4%         N/A       19%         1
 Spider Form              Tmut/Pois      9%         N/A       22%         3
 Call Canine Familiar     Summ           1%         N/A       50%         3
 Summon Guardian Golem    Hex/Summ       1%         N/A       50%         3
 Ice Form                 Ice/Tmut       6%         N/A       71%         4
 Summon Ice Beast         Ice/Summ       1%         N/A       88%         4
 Alistair's Intoxication  Tmut/Pois      6%         N/A       90%         5
 Borgnjor's Vile Clutch   Necr/Erth      0%         N/A       99%         5
 Eringya's Noxious Bog    Tmut/Pois      4%         N/A       100%        6
 Dragon's Call            Summ           0%         N/A       100%        9
 Animate Armour           Summ/Erth      Unusable   N/A       N/A         4

Dungeon Overview and Level Annotations

Branches:
Dungeon (4/15)
 Temple: D:4-7

Altars:

Annotations:
D:3 exclusion: ice beast


Innate Abilities, Weirdness & Mutations

You cannot wear most types of armour.
You are amphibious.
You can wear up to eight rings at the same time.
Your skin changes colour to match your surroundings (Stealth+).
Your rubbery body absorbs attacks. (AC +1, EV +1)
((You are camouflaged when in or above water. (Stealth+)))
You have tentacles for arms and can constrict up to eight enemies at once.


Message History

Press: ? - help, v - describe, . - travel The floor.
Unknown command.
Unknown command.
Casting: Beastly Appendage (safe; 5% risk of failure)
Confirm with . or Enter, or press ? or * to list all spells.
One of your tentacles grows a vicious spike.
Casting: Beastly Appendage (safe; 5% risk of failure)
Confirm with . or Enter, or press ? or * to list all spells.
Your blood is infused with primal strength.
You barely miss something.
You pierce something.
Something hits you.
You tentacle-slap something but do no damage.
Something hits you.
You tentacle-slap something.
Your tentacle spike misses something.
Your transformation is almost over.
Something hits you.
You miss something.
Your tentacle spike misses something.
Something hits you.
You tentacle-slap something.
Your tentacle spike misses something.
Your squeeze misses something.
You hear the rusting of a very distant drain.
Something hits you but does no damage.
You closely miss something.
You pierce something.
Your squeeze misses something. Something hits you.
You closely miss something. Your squeeze misses something.
Something completely misses you.
You miss something.
Your tentacle spike misses something.
You hear some strange, mumbled words.
Something tries to affect you, but you resist.
You miss something. Something hits you.
You miss something. Something hits you.
You closely miss something.
Your tentacle spike misses something.
You closely miss something.
Your tentacle spike misses something.
Something hits you.
* * * LOW HITPOINT WARNING * * *
You closely miss something. Your squeeze misses something.
Your tentacle spike disappears.
Something hits you.
* * * LOW HITPOINT WARNING * * *
You completely miss something. Something hits you.
You die...

.# .# .# ##.# ...#
#..####
############......
#.{...............
#@##########...[..
#.# #......# #.#
#.##...# ...
#.##...# #####
#.##...# #.##....
#.....<# ########


There were no monsters in sight!

Vanquished Creatures
  3 adders
  5 bats
  5 endoplasms
  3 goblins
  5 hobgoblins
  3 quokkas
  2 frilled lizards
  4 kobolds
  5 rats
35 creatures vanquished.

Notes
Turn   | Place    | Note
-------+----------+-------------------------------------------
     0 | D:1      | FexLirch the Octopode Transmuter began the quest for the
                  | Orb.
     0 | D:1      | Reached XP level 1. HP: 13/13 MP: 3/3
   316 | D:1      | Found a faded altar of an unknown god.
   336 | D:1      | Reached XP level 2. HP: 18/18 MP: 5/5
   434 | D:1      | Learned a level 2 spell: Wereblood
   712 | D:1      | Reached skill level 1 in Poison Magic
  1442 | D:2      | Got the Tractate on the Escort
  1530 | D:2      | Reached XP level 3. HP: 23/23 MP: 4/6
  2153 | D:3      | Noticed an ice beast
  2265 | D:3      | Reached XP level 4. HP: 20/28 MP: 4/7
  2312 | D:4      | Noticed an orc warrior
  2359 | D:4      | HP: 1/28 [something (4)]
  2360 | D:4      | Slain by an orc wizard

Illustrated notes

Levels and vault maps discovered:
D:1:      nzn_arrival_depleted_hourglass, layout_loops_corners,
          dreamdust_ecumenical_altar_statues, st_stairs_1, patterned_corridor
D:2:      layout_loops_corners
D:3:      minmay_skewed_foursquare, layout_basic, gammafunk_ghost_necromancy,
          minmay_surrounded
D:4:      layout_basic, cheibrodos_sewer_entry_drain

Skill      XL: |  1  2  3 |
---------------+----------+-----
Poison Magic   | 1 |  1.6
Transmutations | 3 |  3.0
Fighting       | |  1.0
Dodging        | |  2.0
Unarmed Combat | |  3.8
Spellcasting   | |  2.0

Action                     |  1- 3 |  4- 6 || total
---------------------------+-------+-------++-------
  Melee: Unarmed           |    33 |    18 ||    51
         Constrict         |     9 |     1 ||    10
         Kick              |     6 |     5 ||    11
         Tentacles         |     5 |       ||     5
   Fire: Sling             |    59 |       ||    59
   Cast: Beastly Appendage |     8 |     2 ||    10
         Wereblood         |     1 |     1 ||     2
    Use: Scroll            |       |     1 ||     1
   Stab: Sleeping          |     4 |       ||     4
 Armour: Skin              |     8 |     1 ||     9
  Dodge: Dodged            |    48 |     2 ||    50

Table legend: (Time is in decaauts)
 A = Elapsed time spent in this place.
 B = Non-inter-level travel time spent in this place.
 C = Inter-level travel time spent in this place.
 D = Time resting spent in this place.
 E = Time spent auto-exploring this place.
 F = Levels seen in this place.
 G = Mean time per level.
                   A        B        C        D        E       F      G
               +--------+--------+--------+--------+--------+-----+--------+
         Total |   2376 |   2239 |    137 |      0 |   1861 |   4 |  594.0 |
       Dungeon |   2376 |   2239 |    137 |      0 |   1861 |   4 |  594.0 |
               +--------+--------+--------+--------+--------+-----+--------+

Top non-repeatable levels by time:
     D:1: 1071 daAuts
     D:2: 1054 daAuts
     D:3: 170 daAuts
     D:4: 80 daAuts
